 Dungeon Crawl Stone Soup version 0.20.1-1-g8b1a95d (webtiles) character file.

189 rasar the Skirmisher (level 5, 0/50 HPs)
             Began as a Minotaur Abyssal Knight on Sept 6, 2017.
             Was a Believer of Lugonu.
             Slain by a worker ant (2 damage)
             ... on level 5 of the Dungeon.
             The game lasted 00:42:35 (3672 turns).

rasar the Skirmisher (Minotaur Abyssal Knight)      Turns: 3672, Time: 00:42:37

Health: 0/50       AC: 12    Str: 17    XL:     5   Next: 40%
Magic:  5/5        EV:  7    Int:  9    God:    Lugonu [**....]
Gold:   161        SH:  0    Dex: 10    Spells: 4/4 levels left

rFire    . . .     SeeInvis .   D - +4 hand axe
rCold    . . .     Gourm    .   (no shield)
rNeg     + . .     Faith    .   u - +0 chain mail
rPois    .         Spirit   .   (helmet restricted)
rElec    .         Reflect  .   (no cloak)
rCorr    .         Harm     .   L - +0 pair of gloves
MR       .....                  K - +1 pair of boots
Stlth    ..........             y - amulet of magic regeneration
Regen    0.2/turn               d - ring of positive energy
MPRegen  0.2/turn               c - ring of loudness (curse)

@: lethally poisoned (0 -> -4)
A: retaliatory headbutt, horns 2
a: Depart the Abyss, Bend Space, Renounce Religion


You were on level 5 of the Dungeon.
You worshipped Lugonu.
Lugonu was pleased with you.
You were not hungry.

You visited 1 branch of the dungeon, and saw 5 of its levels.
You visited the Abyss 1 time.

You collected 161 gold pieces.

Inventory:

Hand Weapons
 a - a +1 spear
 e - a +0 whip
 g - a +0 club
 h - a +0 dagger
 i - a +0 dagger
 j - a +0 hand axe
 m - a +0 club
 n - a cursed +0 club
 t - a +0 club
 x - a +0 spear
 z - a +0 short sword
 A - a +0 club
 B - a +0 falchion
 D - a +4 hand axe (weapon)
 H - a +0 whip
 I - a +0 hunting sling
Missiles
 k - 66 stones
 r - 5 tomahawks
 v - 29 poisoned needles (quivered)
 O - 16 bolts
Armour
 b - a +0 leather armour
 s - a +0 robe
 u - a +0 chain mail (worn)
 C - a +0 chain mail
 E - a cursed +0 ring mail
 F - a +0 scale mail
 K - a +1 pair of boots (worn)
 L - a +0 pair of gloves (worn)
Jewellery
 c - a cursed ring of loudness (right hand)
 d - a ring of positive energy (left hand)
 y - an amulet of magic regeneration (around neck)
Wands
 M - a wand of random effects (15/48)
Scrolls
 f - 3 scrolls of identify
 q - a scroll of magic mapping
 J - a scroll of enchant weapon {unknown}
 N - 2 scrolls of teleportation {unknown}
Potions
 l - a potion of brilliance
 p - 2 potions of curing {unknown}
 w - a potion of mutation {unknown}
Comestibles
 o - a royal jelly
 G - 2 bread rations
 P - 3 chunks of flesh


   Skills:
 * Level 5.7 Fighting
 * Level 2.2(3.3) Axes
 - Level 3.8(4.1) Polearms
 - Level 2.5 Armour
 + Level 2.1 Dodging
 - Level 1.8 Invocations


You had 4 spell levels left.
You didn't know any spells.

Dungeon Overview and Level Annotations

Branches:
Dungeon (5/15)
 Temple: D:4-7

Altars:
Qazlal

Annotations:
D:1 1 exclusion


Innate Abilities, Weirdness & Mutations

You reflexively headbutt those who attack you in melee.
You have a pair of horns on your head.


Message History

You feel sick. The phantom hits you.
* * * LOW HITPOINT WARNING * * *
* * * LOW HITPOINT WARNING * * *
You feel sick.
* * * LOW HITPOINT WARNING * * *
You feel sick.
* * * LOW HITPOINT WARNING * * *
You feel sick. The worker ant barely misses you.
Okay, then.
As you read the scroll labeled WEMEZX UVAOB, it crumbles to dust.
It is a scroll of identify.
q - a scroll of magic mapping The worker ant bites you.
* * * LOW HITPOINT WARNING * * *
The phantom hits you but does no damage.
* * * LOW HITPOINT WARNING * * *
You feel sick.
* * * LOW HITPOINT WARNING * * *
You feel sick. The worker ant bites you.
You die...

.
..###+#############
..................#
..................#
...............W..#
(..............a@.#
..................#
####+###+##.......#
#.......# #.......#
#.......# #......<#
#.......# #########


You could see a phantom and a worker ant.

Vanquished Creatures
  A hound (D:4)
  A centaur skeleton (D:4)
  A worker ant (D:5)
  Terence (D:2)
  2 adders (D:2)
  An ooze (D:1)
  A dart slug (D:1)
  A worm (D:2)
  3 leopard geckos
  An orc (D:4)
  2 ball pythons
  5 giant cockroaches
  4 goblins
  4 hobgoblins
  6 jackals
  A quokka (D:2)
  6 bats
  6 frilled lizards
  A jackal skeleton (D:4)
  6 kobolds
  A rat (D:2)
55 creatures vanquished.

Notes
Turn   | Place    | Note
-------+----------+-------------------------------------------
     0 | Abyss:1  | rasar the Minotaur Abyssal Knight began the quest for the Orb.
     0 | Abyss:1  | Reached XP level 1. HP: 19/19 MP: 1/1
    33 | D:1      | Escaped the Abyss
   290 | D:1      | Reached XP level 2. HP: 18/27 MP: 2/2
   463 | D:1      | Reached skill level 4 in Fighting
   519 | D:1      | Reached * piety under Lugonu
  1862 | D:2      | Reached XP level 3. HP: 34/34 MP: 3/3
  2133 | D:2      | Noticed Terence
  2150 | D:2      | Reached skill level 5 in Fighting
  2169 | D:2      | Killed Terence
  2169 | D:2      | Reached XP level 4. HP: 21/42 MP: 4/4
  3084 | D:3      | Found a stormy altar of Qazlal.
  3111 | D:3      | Reached ** piety under Lugonu
  3224 | D:4      | Reached skill level 1 in Axes
  3279 | D:4      | Reached XP level 5. HP: 47/49 MP: 5/5
  3606 | D:5      | Entered Level 5 of the Dungeon
  3625 | D:5      | Noticed a phantom
  3672 | D:5      | HP: 2/50 [poisoned by a worker ant]
  3672 | D:5      | Slain by a worker ant

Skill      XL: |  1  2  3  4  5 |
---------------+----------------+-----
Fighting       | 4 5 |  5.7
Polearms       | 3 |  3.8
Axes           | 1 2 |  2.2
Dodging        | 2 |  2.1
Armour         | |  2.5
Invocations    | |  1.8

Action                   |  1- 3 |  4- 6 || total
-------------------------+-------+-------++-------
Melee: Spear             |   106 |       ||   106
       Headbutt          |     8 |     6 ||    14
       Hand axe          |       |    56 ||    56
Invok: Depart the Abyss  |     1 |       ||     1
  Use: Potion            |     1 |       ||     1
       Scroll            |       |     1 ||     1
  Eat: Bread ration      |     1 |     1 ||     2
       Royal jelly       |     1 |       ||     1
Armor: Leather armour    |    20 |       ||    20
       Chain mail        |    38 |    49 ||    87
Dodge: Dodged            |    60 |    28 ||    88
